 Dungeon Crawl Stone Soup version 0.19.1 (webtiles) character file.

39 Jerry the Skirmisher (level 3, 17/20 HPs)
             Began as a Vine Stalker Fighter on Dec 27, 2016.
             Quit the game on level 2 of the Dungeon.
             The game lasted 00:01:58 (1344 turns).

Jerry the Skirmisher (Vine Stalker Fighter)         Turns: 1344, Time: 00:01:59

Health: 17/20      AC:  6    Str: 18    XL:     3   Next: 47%
Magic:  4/4        EV:  9    Int:  8    God:
Gold:   118        SH:  0    Dex: 14    Spells: 0 memorised, 2 levels left

rFire  . . .     SeeInvis .     a - +0 long sword
rCold  . . .     Gourm    .     b - +0 scale mail
rNeg   . . .     Faith    .     (no shield)
rPois  .         Spirit   +     (no helmet)
rElec  .         Reflect  .     (no cloak)
rCorr  .         Harm     .     (no gloves)
MR     .....                    (no boots)
Stlth  ..........               (no amulet)
                                (no ring)
                                (no ring)

@: no status effects
A: fangs 2, magic shield, antimagic bite, no device heal 3, rot immunity
a: no special abilities


You were on level 2 of the Dungeon.
You were not hungry.

You visited 1 branch of the dungeon, and saw 2 of its levels.

You collected 118 gold pieces.

Inventory:

Hand Weapons
 a - a +0 long sword (weapon)
Armour
 b - a +0 scale mail (worn)
 c - a +0 shield
Jewellery
 q - an uncursed ring of protection from cold {unknown}
 r - an uncursed ring of magical power {unknown}
Scrolls
 e - a scroll of recharging {unknown}
 g - 4 scrolls of identify {unknown}
 i - a scroll of magic mapping {unknown}
 m - a scroll of remove curse {unknown}
 s - a scroll of fear {unknown}
Potions
 d - a potion of might
 h - a potion of cancellation {unknown}
 k - 2 potions of magic {unknown}
 l - a potion of agility {unknown}
 p - 2 potions of curing {unknown}
Comestibles
 f - a bread ration
 j - 5 chunks of flesh
 n - a meat ration
 o - 2 slices of pizza


   Skills:
 + Level 3.1 Fighting
 + Level 2.1 Long Blades
 + Level 2.8 Armour
 + Level 0.5 Dodging
 - Level 2.6 Shields


You had 2 spell levels left.
You didn't know any spells.

Dungeon Overview and Level Annotations

Branches:
Dungeon (2/15)

Altars:
Ru


Innate Abilities, Weirdness & Mutations

You have extremely sharp teeth.
When hurt, damage is shared between your health and your magic reserves.
Your bite disrupts and absorbs the magic of your enemies.
Potions and wands cannot restore your health.
You are immune to rotting.


Message History

The worm bites you.
You hit the worm.
The worm is severely wounded.
The worm bites you.
You barely miss the worm. You bite the worm, but do no damage.
The worm is severely wounded.
You hit the worm.
The worm is almost dead.
The worm barely misses you.
You riposte.
You hit the worm.
You kill the worm!
No target in view!
No target in view!
You start resting.
Magic restored.
You start resting.
Eating one of 6 chunks of flesh.
You start eating one of the 6 chunks of flesh.
You are feeling hungry.
This raw flesh tastes terrible.
Are you sure you want to abandon this character and quit the game? (Confirm with "yes".)

........###### #.##.#
####.#### #.##.#
####.#### #.##.#
........# #.##.#
..#####.# #.##.# ..#
.# #.##.# ..# #
#.##.# #.#
.#######.##.#
#.#####........†@...#
#.......#.######.####
#########.# #.# # #.#
#.# # #.# #.# #
#####.######.# #
##........<.#.#
####....#.#.##.#[#
....<............#


There were no monsters in sight!

Vanquished Creatures
  A worm (D:2)
  4 goblins
  7 hobgoblins
  3 jackals (D:1)
  2 quokkas (D:2)
  3 bats
  7 frilled lizards
  6 kobolds
  3 rats
36 creatures vanquished.

Notes
Turn   | Place    | Note
-------+----------+-------------------------------------------
     0 | D:1      | Jerry the Vine Stalker Fighter began the quest for the Orb.
     0 | D:1      | Reached XP level 1. HP: 11/11 MP: 2/2
   429 | D:1      | Reached XP level 2. HP: 16/16 MP: 3/3
   540 | D:1      | Reached skill level 3 in Fighting
   972 | D:2      | Reached XP level 3. HP: 18/20 MP: 4/4
  1174 | D:2      | Found a sacrificial altar of Ru.
  1344 | D:2      | Quit the game

Skill      XL: |  1  2 |
---------------+-------+-----
Fighting       | 3 |  3.1
Long Blades    | 2 |  2.1
Armour         | |  2.8
Dodging        | |  0.5
Shields        | |  2.6

Action                   || total
-------------------------++-------
Melee: Long sword        ||    86
       Bite              ||    12
  Eat: Chunk             ||     2
Armor: Scale mail        ||    43
Dodge: Dodged            ||    40
       Rpst.: Long sword ||    11
